 Dungeon Crawl Stone Soup version 0.23-a0-625-g1d2cd9b (console) character file.

63 Duffy the Firebug (level 3, -1/19 HPs)
             Began as a Deep Elf Fire Elementalist on Dec 24, 2018.
             Killed from afar by an orc wizard (6 damage)
             ... with a magic dart
             ... on level 3 of the Dungeon.
             The game lasted 00:01:41 (1433 turns).

Duffy the Firebug (Deep Elf Fire Elementalist)      Turns: 1433, Time: 00:01:42

Health: -1/19      AC:  4    Str:  5    XL:     3   Next: 89%
Magic:  5/9        EV: 13    Int: 20    God:
Gold:   62         SH:  0    Dex: 15    Spells: 4/8 levels left

rFire    . . .     SeeInvis .   m - wand of digging (4)
rCold    . . .     Gourm    .   (no shield)
rNeg     . . .     Faith    .   a - +0 robe
rPois    .         Spirit   .   (no helmet)
rElec    .         Reflect  .   k - +1 cloak
rCorr    .         Harm     .   (no gloves)
MR       .....                  (no boots)
Stlth    ++........             (no amulet)
HPRegen  0.06/turn              (no ring)
MPRegen  0.11/turn              (no ring)

@: slowed, very slow
A: no striking features
a: no special abilities


You were on level 3 of the Dungeon.
You were not hungry.

You visited 1 branch of the dungeon, and saw 3 of its levels.

You collected 62 gold pieces.

Inventory:

Armour
 a - a +0 robe (worn)
 k - a +1 cloak (worn)
Wands
 m - a wand of digging (4) (in hand)
Scrolls
 b - a scroll of remove curse {unknown}
 e - a scroll of teleportation {unknown}
 f - 2 scrolls of magic mapping {unknown}
 g - a scroll of identify {unknown}
 i - a scroll of immolation {unknown}
 n - a scroll of enchant armour {unknown}
Potions
 h - a potion of magic {unknown}
 j - 2 potions of ambrosia {unknown}
 l - a potion of cancellation {unknown}
Comestibles
 c - 5 rations
 d - 4 chunks of flesh


   Skills:
 - Level 2.4 Dodging
 - Level 2.4 Stealth
 + Level 3.3 Spellcasting
 * Level 3.6 Conjurations
 * Level 3.7 Fire Magic


You had 4 spell levels left.
You knew the following spells:

 Your Spells              Type           Power        Failure   Level  Hunger
h - Flame Tongue          Conj/Fire      ###..        3%          1    None
l - Conjure Flame         Conj/Fire      ###.....     9%          3    ###....

Your spell library contained the following spells:

 Spells                   Type           Power        Failure   Level  Hunger
 Throw Flame              Conj/Fire      ###...       4%          2    ##.....
 Inner Flame              Hex/Fire       ##......     19%         3    ###....
 Sticky Flame             Conj/Fire      ###.....     30%         4    ####...
 Fireball                 Conj/Fire      ###.......   63%         5    ######.


Dungeon Overview and Level Annotations

Branches:
Dungeon (2/15)

Altars:


Message History

Casting: Flame Tongue (safe; 3% risk of failure)
Confirm with . or Enter, or press ? or * to list all spells.
Aiming: Flame Tongue (safe; 3% risk of failure)
Press: ? - help, Shift-Dir - straight line, f/p - orc wizard
Aim: an orc wizard, wielding a +0 dagger and wearing a +0 robe (almost dead, The flame tongue hits the orc wizard.
The orc wizard is almost dead.
The orc wizard gestures at you while chanting.
The magic dart hits you!
The orc wizard hits you with a +0 dagger.
Casting: Flame Tongue (safe; 3% risk of failure)
Confirm with . or Enter, or press ? or * to list all spells.
Aiming: Flame Tongue (safe; 3% risk of failure)
Press: ? - help, Shift-Dir - straight line, f/p - orc wizard
Aim: an orc wizard, wielding a +0 dagger and wearing a +0 robe (almost dead, The flame tongue hits the orc wizard.
The orc wizard is almost dead.
The orc wizard casts a spell at you. The magic dart hits you!
You die...

..# .... #.r..
.....### # .....#
#.##.#.#
#...)..###########
#....o@........
#.##.#.###########
.o#...#.# #o...o.#
#.######


You could see an orc wizard.

Vanquished Creatures
  An adder (D:2)
  2 worms (D:2)
  4 dart slugs
  A leopard gecko (D:1)
  A ball python (D:1)
  2 giant cockroaches (D:1)
  3 goblins
  8 hobgoblins (D:1)
  2 jackals (D:2)
  4 bats
  3 frilled lizards (D:1)
  3 kobolds (D:1)
  5 rats
39 creatures vanquished.

Notes
Turn   | Place    | Note
-------+----------+-------------------------------------------
     0 | D:1      | Duffy the Deep Elf Fire Elementalist began the quest for
                  | the Orb.
     0 | D:1      | Reached XP level 1. HP: 10/10 MP: 6/6
   194 | D:1      | Reached XP level 2. HP: 15/15 MP: 5/8
   591 | D:1      | Reached XP level 3. HP: 19/19 MP: 3/9
   596 | D:1      | Learned a level 3 spell: Conjure Flame
  1417 | D:2      | You fall through a shaft!
  1433 | D:3      | Killed from afar by an orc wizard

Vault maps used:
D:1:      dpeg_arrival_castle
D:2:      nicolae_overflow_crystal_walls, first_ration, minivault_11,
          uniq_jessica
D:3:      kennysheep_generic_room_11

Skill      XL: |  1  2 |
---------------+-------+-----
Conjurations   | 2 3 |  3.6
Dodging        | |  2.4
Stealth        | |  2.4
Spellcasting   | |  3.3
Fire Magic     | |  3.7

Action                   || total
-------------------------++-------
 Cast: Flame Tongue      ||    83
  Eat: Chunk             ||     1
Armor: Robe              ||    10
Dodge: Dodged            ||    18

Table legend:
 A = Non-vault XP
 B = Vault XP
 C = Vault XP percentage of total XP
 D = Non-vault monster count
 E = Vault monster count
 F = Vault count percentage of total count
                 A         B        C        D         E       F
            +---------+---------+-------+---------+---------+-------
      Total |      91 |       0 |   0.0 |      39 |       0 |   0.0
            +---------+---------+-------+---------+---------+-------
        D:1 |      54 |       0 |   0.0 |      29 |       0 |   0.0
        D:2 |      37 |       0 |   0.0 |      10 |       0 |   0.0
            +---------+---------+-------+---------+---------+-------
